 Dungeon Crawl Stone Soup version 0.23.2-1-ga50397a6bc (webtiles) character file.

Game seed: 13487510636609723797

7871 Gargoyl the Cleaver (level 11, -4/91 HPs)
             Began as a Centaur Abyssal Knight on Apr 25, 2019.
             Was a High Priest of Lugonu.
             Slain by a yak (14 damage)
             ... on level 2 of the Lair of Beasts.
             The game lasted 00:16:17 (11724 turns).

Gargoyl the Cleaver (Centaur Abyssal Knight)       Turns: 11724, Time: 00:16:17

Health: -4/91      AC: 16    Str: 17    XL:     11   Next: 2%
Magic:  16/16      EV:  8    Int: 11    God:    Lugonu [*****.]
Gold:   579        SH: 12    Dex: 10    Spells: 10/10 levels left

rFire    . . .     SeeInvis .   j - +2 war axe (elec)
rCold    . . .     Gourm    .   f - +3 shield
rNeg     . . .     Faith    .   p - +1 leather armour {MR+}
rPois    .         Spirit   .   k - +0 helmet
rElec    +         Reflect  .   d - +0 cloak
rCorr    .         Harm     .   (no gloves)
MR       +....                  e - +2 centaur barding
Stlth    ..........             D - amulet of regeneration
HPRegen  0.25/turn              (no ring)
MPRegen  0.15/turn              (no ring)

@: very quick
A: large, hooves 3, rugged brown scales 1, deformed body, speed 2, electricity
resistance, tough skin 3, MP-powered wands
a: Depart the Abyss, Bend Space, Banish, Corrupt, Enter the Abyss, Renounce
Religion


You were on level 2 of the Lair of Beasts.
You worshipped Lugonu.
Lugonu was extremely pleased with you.
You were not hungry.

You visited 2 branches of the dungeon, and saw 11 of its levels.
You visited the Abyss 1 time.

You collected 579 gold pieces.

Inventory:

Hand Weapons
 j - a +2 war axe of electrocution (weapon)
 y - a +2 war axe of chopping
Missiles
 q - 6 javelins (quivered)
Armour
 d - a +0 cloak (worn)
 e - a +2 centaur barding (worn)
 f - a +3 shield (worn)
 k - a +0 helmet (worn)
 p - a +1 leather armour of magic resistance (worn)
Jewellery
 D - an amulet of regeneration (around neck)
Wands
 g - a wand of flame (62)
 r - a wand of acid (6)
 u - a wand of iceblast (7)
 x - a wand of enslavement (4)
 C - a wand of digging (8)
Scrolls
 l - 4 scrolls of identify
 m - 4 scrolls of teleportation
 n - 5 scrolls of blinking
 w - 6 scrolls of remove curse
 z - a scroll of amnesia
Potions
 b - 3 potions of agility
 h - a potion of haste
 i - a potion of mutation
 o - 2 potions of flight
 s - 3 potions of resistance
 t - 5 potions of lignification
 v - 3 potions of might
 A - 2 potions of brilliance
 B - 3 potions of curing
Comestibles
 c - 16 rations
 E - 3 chunks of flesh


   Skills:
 + Level 5.7 Fighting
 + Level 8.2 Axes
 * Level 5.4 Armour
 * Level 5.8 Dodging
 + Level 4.4 Shields
 * Level 7.7 Invocations
 + Level 0.6 Evocations


You had 10 spell levels left.
You didn't know any spells.
Your spell library contained the following spells:

 Spells                   Type           Power        Failure   Level  Hunger
 Animate Skeleton         Necr           N/A          75%         1    ##.....
 Corona                   Hex            #......      75%         1    ##.....
 Pain                     Necr           #...         75%         1    ##.....
 Shock                    Conj/Air       #...         75%         1    ##.....
 Slow                     Hex            #.......     86%         2    ###....
 Swiftness                Chrm/Air       #.......     86%         2    ###....
 Inner Flame              Hex/Fire       #.......     98%         3    ####...
 Portal Projectile        Hex/Tloc       #.....       98%         3    ####...
 Regeneration             Chrm/Necr      #.........   98%         3    ####...
 Static Discharge         Conj/Air       #.......     98%         3    ####...
 Vampiric Draining        Necr           #.........   98%         3    ####...
 Airstrike                Air            #.........   100%        4    #####..
 Animate Dead             Necr           N/A          100%        4    #####..
 Cause Fear               Hex            #.........   100%        4    #####..
 Leda's Liquefaction      Hex/Erth       #.........   100%        4    #####..
 Lightning Bolt           Conj/Air       #.........   100%        5    ######.


Dungeon Overview and Level Annotations

Branches:
Dungeon (9/15)             Temple (0/1) D:7            Lair (2/6) D:9
  Swamp: Lair:2-4    Shoals: Lair:2-4     Snake: Lair:2-4    Spider: Lair:2-4
    Orc: D:9-12

Altars:
Ashenzari
Cheibriados
Dithmenos
Fedhas
Kikubaaqudgha
Nemelex Xobeh
Okawaru
Ru
Trog
Uskayaw
Vehumet
Xom
Zin
The Shining One


Innate Abilities, Weirdness & Mutations

You have hooves in place of feet.
Armour fits poorly on your strangely shaped body.
You cover ground very quickly.
You have extremely tough skin. (AC +3)
You are partially covered in rugged brown scales. (AC +1, +3% HP)
You are resistant to electric shocks. (rElec)
You expend magic power (3 MP) to strengthen your wands.


Message History

You kick the yak, but do no damage.
The yak is almost dead.
The yak gores you!
* * * LOW HITPOINT WARNING * * *
You slash the yak!
You kill the yak!
Lugonu accepts your kill.
You hit the yak but do no damage. Lightning courses through the yak!
The yak is moderately wounded.
The yak gores you!
* * * LOW HITPOINT WARNING * * *
The yak gores you but does no damage.
You closely miss the yak.
The yak is moderately wounded.
The yak gores you.
* * * LOW HITPOINT WARNING * * *
You hit the yak. Lightning courses through the yak! You kick the yak.
The yak is almost dead.
The yak gores you!
You die... ..... ... ... ... +.. #.## ..# #YY

##.## #Y# ######.+.#
###@# ##.#....... #!#.##
###..........
#....###...#........
..##....P##..#.#.P.##.#
....P....P##.P###.#...<.
#........'...## #..####.
###.+.....#.## #.....P.
###....#### #.##....
#.....# #.......


You could see 3 yaks.

Vanquished Creatures
  A two-headed ogre (D:9)
  The ghost of artanisace the Spear-Bearer, a novice MiCK of Xom (D:8)
  A rime drake (Lair:1)
  A hippogriff (D:8)
  7 yaks
  2 wyverns
  A human (D:8)
  Menkaure (D:6)
  A porcupine (Lair:1)
  2 water moccasins (Lair:1)
  A sky beast (D:5)
  An ice beast (D:9)
  4 orc warriors
  A black bear (D:8)
  5 ogres
  2 phantoms
  An eye of draining (D:9)
  4 centaurs
  4 crocodiles
  3 big kobolds
  Blork the orc (D:6)
  3 bullfrogs
  6 scorpions
  6 howler monkeys
  2 crimson imps (D:5)
  A jelly (D:9)
  A quasit (D:8)
  Crazy Yiuf (D:3)
  6 orc priests
  5 hounds
  Natasha (thrice) (D:2)
  An iguana (D:9)
  9 orc wizards
  5 worker ants
  2 hound skeletons
  2 worker ant zombies
  Robin (D:2)
  7 gnolls
  11 adders
  2 shadow imps
  3 oozes
  An adder skeleton (D:5)
  4 worms
  A dart slug (D:1)
  3 leopard geckos
  42 orcs
  2 ball pythons
  8 giant cockroaches
  13 goblins
  13 hobgoblins
  10 jackals (D:7)
  3 quokkas
  8 bats
  7 frilled lizards
  12 kobolds
  A quokka skeleton (D:9)
  A quokka zombie (D:5)
  6 rats
  A plant (Lair:1)
258 creatures vanquished.

Vanquished Creatures (others)
  A human (D:6)
  A fungus (Lair:2)
  2 plants
4 creatures vanquished.

Grand Total: 262 creatures vanquished

Notes
Turn   | Place    | Note
-------+----------+-------------------------------------------
     0 | Abyss:1  | Gargoyl the Centaur Abyssal Knight began the quest for the
                  | Orb.
     0 | Abyss:1  | Reached XP level 1. HP: 19/19 MP: 2/2
    45 | Abyss:1  | Noticed a raiju
    47 | D:1      | Escaped the Abyss
   332 | D:1      | Reached skill level 2 in Axes
   336 | D:1      | Reached * piety under Lugonu
   336 | D:1      | Reached XP level 2. HP: 26/26 MP: 3/3
   739 | D:2      | Reached XP level 3. HP: 25/31 MP: 4/4
   742 | D:2      | Noticed Robin
   745 | D:2      | Reached skill level 1 in Dodging
  1136 | D:2      | Reached ** piety under Lugonu
  1329 | D:2      | Reached XP level 4. HP: 22/38 MP: 5/5
  1430 | D:2      | Killed Robin
  1520 | D:2      | Noticed Natasha
  1532 | D:2      | Killed Natasha
  1786 | D:2      | Noticed Natasha
  1801 | D:2      | Killed Natasha
  1801 | D:2      | Reached XP level 5. HP: 31/45 MP: 7/7
  2073 | D:2      | Noticed Natasha
  2081 | D:2      | Killed Natasha
  2095 | D:2      | Found a sparkling altar of Nemelex Xobeh.
  2275 | D:3      | Reached skill level 3 in Axes
  2398 | D:3      | Found a hide-covered altar of Uskayaw.
  2516 | D:3      | Reached *** piety under Lugonu
  2548 | D:3      | Found a shadowy altar of Dithmenos.
  2649 | D:3      | Found a runed translucent door.
  2650 | D:3      | Noticed Crazy Yiuf
  2851 | D:3      | Killed Crazy Yiuf
  3098 | D:3      | Reached XP level 6. HP: 28/51 MP: 8/8
  4165 | D:4      | Reached skill level 1 in Shields
  4182 | D:4      | Reached XP level 7. HP: 47/58 MP: 9/9
  4260 | D:4      | You fall through a shaft!
  4260 | D:5      | Entered Level 5 of the Dungeon
  5004 | D:4      | Found a sacrificial altar of Ru.
  5350 | D:5      | Reached skill level 4 in Axes
  5449 | D:5      | Found an iron altar of Okawaru.
  5792 | D:5      | Found a snail-covered altar of Cheibriados.
  5807 | D:5      | Reached XP level 8. HP: 66/66 MP: 11/11
  5906 | D:5      | Reached **** piety under Lugonu
  6208 | D:5      | Found a shattered altar of Ashenzari.
  6272 | D:6      | Noticed Blork the orc
  6288 | D:6      | Gained mutation: You possess an exceptional clarity of
                  | mind. [potion of mutation]
  6288 | D:6      | Gained mutation: You are weak. (Str -2) [potion of
                  | mutation]
  6288 | D:6      | Gained mutation: Your natural rate of healing is unusually
                  | fast. [potion of mutation]
  6395 | D:5      | Lost mutation: You are weak. (Str -2) [potion of mutation]
  6395 | D:5      | Lost mutation: Your natural rate of healing is unusually
                  | fast. [potion of mutation]
  6395 | D:5      | Lost mutation: You possess an exceptional clarity of mind.
                  | [potion of mutation]
  6395 | D:5      | Gained mutation: You are resistant to electric shocks.
                  | (rElec) [potion of mutation]
  6395 | D:5      | Gained mutation: You expend magic power (3 MP) to
                  | strengthen your wands. [potion of mutation]
  6395 | D:5      | Gained mutation: You are partially covered in rugged brown
                  | scales. (AC +1, +3% HP) [potion of mutation]
  6406 | D:6      | Killed Blork the orc
  6553 | D:6      | Reached skill level 5 in Axes
  6553 | D:6      | Reached skill level 5 in Invocations
  6598 | D:6      | Found a blossoming altar of Fedhas.
  6750 | D:6      | Found a shimmering altar of Xom.
  6754 | D:6      | Noticed an angel
  6761 | D:6      | Found a glowing silver altar of Zin.
  6808 | D:6      | Noticed Menkaure
  6816 | D:6      | Killed Menkaure
  7002 | D:6      | Found a bloodstained altar of Trog.
  7061 | D:6      | Found an ancient bone altar of Kikubaaqudgha.
  7254 | D:7      | Reached XP level 9. HP: 71/74 MP: 13/13
  7562 | D:7      | Reached skill level 6 in Axes
  7752 | D:7      | Found a staircase to the Ecumenical Temple.
  7833 | D:7      | Reached ***** piety under Lugonu
  8446 | D:8      | Found a runed translucent door.
  8446 | D:8      | Noticed artanisace's ghost (novice MiCK)
  8541 | D:8      | Found a radiant altar of Vehumet.
  9038 | D:8      | Reached skill level 5 in Fighting
  9105 | D:8      | Killed artanisace's ghost
  9105 | D:8      | Reached skill level 7 in Axes
  9105 | D:8      | Reached skill level 5 in Dodging
  9105 | D:8      | Reached XP level 10. HP: 78/83 MP: 13/15
  9232 | D:9      | Noticed a two-headed ogre
  9425 | D:9      | Killed a two-headed ogre
  9425 | D:9      | Reached skill level 5 in Armour
  9915 | D:9      | Found a glowing golden altar of the Shining One.
 10013 | D:9      | Found a staircase to the Lair.
 10253 | Lair:1   | Entered Level 1 of the Lair of Beasts
 10634 | Lair:1   | Reached skill level 8 in Axes
 11716 | Lair:2   | Reached XP level 11. HP: 43/91 MP: 16/16
 11724 | Lair:2   | Slain by a yak

Skill      XL: |  1  2  3  4  5  6  7  8  9 10 |
---------------+-------------------------------+-----
Axes           | 2 3 4 5 7 8 |  8.2
Dodging        | 1 2 3 4 5 |  5.8
Armour         | 2 3 4 5 |  5.4
Invocations    | 3 4 5 6 7 |  7.7
Shields        | 1 2 3 4 |  4.4
Fighting       | 4 5 |  5.7
Evocations     | |  0.6

Action                   |  1- 3 |  4- 6 |  7- 9 | 10-12 || total
-------------------------+-------+-------+-------+-------++-------
Melee: Hand axe          |   118 |   204 |   185 |       ||   507
       Kick              |    16 |    40 |    98 |    45 ||   199
       War axe           |       |       |   230 |   176 ||   406
Invok: Depart the Abyss  |     1 |       |       |       ||     1
Evoke: Wand              |       |     4 |     1 |       ||     5
  Use: Potion            |     1 |     4 |     3 |       ||     8
       Scroll            |     3 |     3 |     9 |     6 ||    21
  Eat: Chunk             |       |     8 |     8 |     7 ||    23
       Ration            |       |     1 |     1 |       ||     2
Armor: Ring mail         |    64 |   119 |       |       ||   183
       Leather armour    |       |    34 |   238 |    62 ||   334
Dodge: Dodged            |    48 |    47 |   107 |    28 ||   230
Block: Shield            |    26 |    93 |   243 |    70 ||   432
